 Dungeon Crawl Stone Soup version 0.17.1-1-g73c8601 (webtiles) character file.

686041 Runnr the Hoplite (level 27, 0/130 HPs)
             Began as a Gargoyle Fighter on Jan 2, 2016.
             Was the Champion of Makhleb.
             Killed from afar by a starcursed mass (6 damage)
             ... with an accursed screaming
             ... on level 5 of the Abyss.
             The game lasted 07:29:05 (84326 turns).

Runnr the Hoplite (Gargoyle Fighter)               Turns: 84326, Time: 07:29:05

Health: 0/130      AC: 59    Str: 20 (22) XL:     27
Magic:  28/28      EV: 17    Int: -1 (10) God:    Makhleb [******]
Gold:   3920       SH: 20    Dex: 17      Spells: 6 memorised, 9 levels left

rFire  + + .     SeeInvis +     Q - +8 mace of Foul Odors {crush, rN+ Dex+3 Stlth+}
rCold  + + +     Rnd*Rage +     l - +6 plate armour of Ru's Displeasure {rC+ rCorr Str+2}
rNeg   + + +     SustAt   .     U - +2 shield of Resistance {rF+ rC+ MR+}
rPois  ∞         Gourm    .     I - +2 hat {SInv}
rElec  +         Spirit   .     w - +2 cloak {MR+}
rCorr  +         Warding  +     X - +1 pair of gloves {Str+3}
rMut   .         Rnd*Tele +     f - +0 pair of boots
MR     +++++                    a - amulet of Nylon {Ward rN+ MR++}
Stlth  ..........               e - +6 ring of protection
                                Y - ring of teleportation

@: resistant, slowed, lost intelligence, very slow, almost entirely resistant to
hostile enchantments, extremely unstealthy
A: big wings, hooves 1, berserk 2, blurry vision 3, clumsy 2, deformed body,
deterioration 2, dopey 1, frail 3, low mp 2, negative energy resistance 1,
screaming 1, electricity resistance, slow regeneration 1, teleportitis 3, weak
2, unbreathing, petrification resistance, no device heal 1, rot immunity,
MP-powered wands, AC +20
a: Fly, Minor Destruction, Lesser Servant of Makhleb, Major Destruction, Greater
Servant of Makhleb, Renounce Religion, Evoke Teleportation
}: 4/15 runes: serpentine, barnacled, silver, abyssal


You were on level 5 of the Abyss.
You worshipped Makhleb.
Makhleb was exalted by your worship.
You were hungry.

You visited 9 branches of the dungeon, and saw 51 of its levels.
You visited the Abyss 1 time.
You also visited: Labyrinth, Sewer, Ossuary and Ice Cave.

You collected 8018 gold pieces.
You spent 4098 gold pieces at shops.

Inventory:

Hand Weapons
 E - a +9 antimagic demon whip
 Q - the +8 mace of Foul Odors (weapon) {crush, rN+ Dex+3 Stlth+}
   (You found it on level 5 of the Dungeon)

   It inflicts extra damage upon your enemies.
   It affects your dexterity (+3).
   It protects you from negative energy.
   It makes you more stealthy.
 W - a +2 morningstar of holy wrath
Armour
 f - a +0 pair of boots (worn)
 l - the +6 plate armour of Ru's Displeasure (worn) {rC+ rCorr Str+2}
   (You found it on level 7 of the Lair of Beasts)

   It affects your strength (+2).
   It protects you from cold.
   It protects you from acid and corrosion.
 w - a +2 cloak of magic resistance (worn)
 G - a +5 shield of reflection
 I - a +2 hat of see invisible (worn)
 S - a +0 hat of cold resistance
 U - the +2 shield of Resistance (worn) {rF+ rC+ MR+}
   (You found it on level 3 of the Crypt)

   It protects you from fire.
   It protects you from cold.
   It affects your resistance to hostile enchantments.
 X - a +1 pair of gloves of strength (worn)
Jewellery
 a - the amulet of Nylon (around neck) {Ward rN+ MR++}
   (You took it off an orc knight on level 5 of the Vaults)

   [amulet of warding]

   It may prevent the melee attacks of summoned creatures.
   It protects you from negative energy.
   It affects your resistance to hostile enchantments.
 e - a +6 ring of protection (right hand)
 g - an uncursed amulet of the gourmand
 q - the ring of Gichan {Dex+4 Stlth+}
   (You took it off a deep elf demonologist on level 3 of the Elven Halls)

   [ring of stealth]

   It affects your dexterity (+4).
   It makes you more stealthy.
 r - an uncursed amulet of regeneration
 K - an uncursed ring of protection from fire
 N - an uncursed ring of positive energy
 Y - a ring of teleportation (left hand)
Wands
 M - a wand of disintegration (24)
 O - a wand of teleportation (4)
Scrolls
 b - 4 scrolls of blinking
 h - 8 scrolls of recharging
 i - 28 scrolls of remove curse
 j - 4 scrolls of holy word
 k - 5 scrolls of enchant armour
 o - 16 scrolls of identify
 t - 3 scrolls of amnesia
 y - 14 scrolls of teleportation
 z - 9 scrolls of fog
 A - 4 scrolls of acquirement
 D - 5 scrolls of magic mapping
 J - 7 scrolls of fear
 L - 3 scrolls of summoning
 R - a scroll of enchant weapon
 Z - 2 scrolls of brand weapon
Potions
 d - 5 potions of might
 n - 3 potions of agility
 p - 10 potions of cancellation
 u - 13 potions of curing
 v - 8 potions of haste
 x - 7 potions of magic
 F - 5 potions of brilliance
 P - 4 potions of berserk rage
 T - 9 potions of invisibility
Comestibles
 c - 13 bread rations
 B - 12 fruits
 C - 5 beef jerkies
 V - 11 meat rations


   Skills:
 - Level 22.8 Fighting
   Level 4.1(11.1) Axes
 - Level 16.6(16.8) Maces & Flails
 - Level 22.8 Armour
 - Level 16.3 Dodging
 - Level 5.0 Stealth
 - Level 24.0 Shields
 - Level 8.4 Hexes
 - Level 8.2 Charms
 - Level 4.2 Translocations
 - Level 17.0 Invocations
 + Level 5.4 Evocations


You had 9 spell levels left.
You knew the following spells:

 Your Spells              Type           Power        Failure   Level  Hunger
a - Phase Shift           Tloc           #.........   100%        5    ######.
b - Blink                 Tloc           N/A          95%         2    ###....
c - Repel Missiles        Chrm/Air       #.....       95%         2    ###....
d - Song of Slaying       Chrm           #.......     24%         2    ###....
e - Regeneration          Chrm/Necr      #.........   99%         3    ####...
f - Spectral Weapon       Hex/Chrm       #.......     52%         3    ####...


Dungeon Overview and Level Annotations

Branches:
Dungeon (15/15)            Temple (0/1) D:6            Lair (8/8) D:8
 Shoals (4/4) Lair:6        Snake (4/4) Lair:6        Slime (0/6) Lair:8
    Orc (4/4) D:12            Elf (3/3) Orc:3        Vaults (5/5) D:14
  Crypt (3/3) Vaults:3       Tomb (0/3) Crypt:3      Depths (5/5) D:15
    Zot (0/5) Depths:5

Altars:
Ashenzari
Elyvilon
Fedhas
Makhleb
Nemelex Xobeh
Sif Muna
Vehumet
Xom
Yredelemnul
The Shining One
Beogh
Jiyva

Shops:
D:5 [   D:7 [   D:11 (%   D:13 [   D:15 %   Orc:1 %   Orc:4 =*[(   Elf:1 (
Shoals:1 :   Shoals:3 *   Shoals:4 *![!!   Vaults:1 [   Vaults:3 *

Portals:
Hell: Depths:1 Depths:2 Depths:3 Depths:4 Depths:5
Abyss: Depths:4
Pandemonium: Depths:1 Depths:2 Depths:3 Depths:5
Ziggurat: Depths:4
Bazaar: Depths:4

Annotations:
D:5 Alreadydead's ghost, novice DsMo
Snake:3 exclusion: Roxanne, Roxanne
Depths:2 Mara


Innate Abilities, Weirdness & Mutations

You are resistant to torment.
Your stone body is resilient (AC +20).
You are immune to poison.
Your large and strong wings let you fly indefinitely.
You resist negative energy.
You are resistant to electric shocks.
You can survive without breathing.
You are immune to petrification.
You are immune to rotting.
You have large cloven feet.
Scrolls take you much longer to read.
Armour fits poorly on your strangely shaped body.
You are very weak. (Str -4)
[You often lose your temper in combat.]
[You are very clumsy. (Dex -4)]
[Your body often deteriorates upon taking damage.]
[You are dopey. (Int -2)]
[You are extremely frail (-30% HP).]
[Your magical capacity is very low (-20% MP).]
[You occasionally shout uncontrollably at your foes.]
[You regenerate slowly when monsters are visible.]
[You are often teleported next to monsters.]
[Potions and wands are less effective at restoring your health.]
[You expend magic power (3 MP) to strengthen your wands.]


Message History

A cacophony of accursed wailing tears at your sanity!
* * * LOW HITPOINT WARNING * * *
Your body deteriorates!
You feel weakened.
The neqoxec hits you but does no damage.
You can move again.
Drink which item? (? for menu, Esc to quit)
You feel protected. You block the starcursed mass's attack.
You block the neqoxec's attack.
A cacophony of accursed wailing tears at your sanity!
* * * LOW HITPOINT WARNING * * *
You shrug off the repeated paralysis!
The starcursed mass engulfs you but does no damage.
You hit the starcursed mass but do no damage.
You block the neqoxec's attack. You block the starcursed mass's attack.
You hit the starcursed mass.
The starcursed mass is lightly damaged.
The starcursed mass shudders and is absorbed by its neighbour.
The neqoxec hits you but does no damage.
A cacophony of accursed wailing tears at your sanity!
You die... . . .
X.§ XX # #XX

.. .
.## ..#
w### #
##
##XXR#
.
##XX#.#
#@# # #
#3##
##3XR .
5X55# #
. .55..
#####..
#.# .#
.


You could see 8 starcursed masses, a tentacled starspawn, 2 large abominations,
an efreet, a neqoxec, a ynoxinul, a starspawn tentacle and 5 ufetubi.

Vanquished Creatures
  An ancient lich (Vaults:5)
  Sojobo (D:15)
  Boris (Vaults:3)
  Norris (D:14)
  4 caustic shrikes (Depths:5)
  9 golden dragons
  the Enchantress (Depths:4)
  Xtahua (Crypt:1)
  The ghost of Flanowski the Slayer, an adept MiFi of Makhleb (Vaults:5)
  3 bone dragons (Abyss:3)
  4 liches
  Jorgrun (Depths:5)
  Rupert (D:14)
  A hellephant (Abyss:1)
  5 tentacled monstrosities
  The ghost of karlm the Shatterer, an adept OgHu of Okawaru (Shoals:3)
  Asterion (Elf:2)
  2 quicksilver dragons (Depths:5)
  4 deep elf blademasters
  4 titans
  4 sphinxes
  9 tentacled starspawn
  2 octopode crushers
  An Executioner (Abyss:5)
  15 tengu reavers
  Agnes (Elf:2)
  7 storm dragons
  Frances (Snake:1)
  Kirke (Elf:1)
  4 shadow dragons
  5 greater nagas (Snake:4)
  4 ancient champions
  A daeva (Abyss:4)
  Ilsuiw (Shoals:4)
  3 revenants
  13 vault wardens
  11 fire giants
  Donald (Shoals:3)
  Maud (Lair:3)
  A draconian knight (Abyss:3)
  17 frost giants
  13 deep elf sorcerers
  Aizul (Vaults:2)
  Louise (D:15)
  3 iron dragons
  A draconian zealot (Depths:5)
  A balrug (Depths:1)
  An emperor scorpion (shapeshifter) (Vaults:5)
  7 ghouls (Crypt:3)
  38 very ugly things
  22 ironheart preservers
  4 war gargoyles (Vaults:5)
  3 spriggan defenders
  2 orc warlords
  2 ophanim
  5 vampire knights
  18 stone giants
  9 deep elf demonologists
  A green draconian (Depths:5)
  The ghost of cba the Spry, a journeyman FeMo of Dithmenos (Depths:2)
  2 white draconians (Depths:5)
  6 salamander stormcallers
  A dire elephant (shapeshifter) (Vaults:5)
  A red draconian (Abyss:1)
  9 deep elf annihilators
  A mottled draconian (Depths:5)
  A black draconian (Depths:5)
  A purple draconian (Depths:5)
  8 deep elf death magi
  Snorg (Lair:3)
  A blizzard demon (Abyss:1)
  5 merfolk javelineers
  37 vault guards
  11 merfolk impalers
  14 ettins
  3 deep elf high priests
  18 yaktaur captains
  3 eidola
  5 fire dragons
  16 jiangshi
  A hydra (Lair:3)
  14 great orbs of eyes
  6 entropy weavers
  5 rakshasas
  11 ice dragons
  A hell beast (Depths:2)
  15 naga warriors
  A hydra (shapeshifter) (Vaults:5)
  6 anacondas
  2 merfolk avatars
  9 merfolk aquamancers
  3 death knights
  13 dancing weapons
  6 centaur warriors
  7 tengu warriors
  An alligator snapping turtle (Shoals:2)
  3 satyrs
  5 spriggan air magi
  2 death yaks
  8 deep troll shamans
  A death yak (shapeshifter) (Vaults:5)
  8 vampire magi
  The ghost of Glider the Bludgeoner, a novice MiFi of Qazlal (D:10)
  13 deep troll earth magi
  A sun demon (Depths:1)
  18 thrashing horrors
  4 orc high priests (Orc:4)
  25 ogre magi
  8 hell knights
  8 naga sharpshooters
  2 titan zombies (Crypt:1)
  2 shock serpents
  5 spriggan berserkers
  2 storm dragon zombies
  2 soul eaters
  9 wretched stars
  A titan skeleton (Crypt:3)
  49 deep trolls
  A fire crab (shapeshifter) (Vaults:4)
  An ice devil (Depths:2)
  4 shadow wraiths
  5 salamander mystics
  28 deep elf knights
  A fire crab (Vaults:2)
  30 skeletal warriors
  7 iron trolls
  A shadow demon (Abyss:1)
  A storm dragon skeleton (Crypt:3)
  An anaconda zombie (Abyss:3)
  8 sea snakes
  10 unseen horrors
  2 flayed ghosts
  A quicksilver dragon simulacrum (Abyss:3)
  27 phantasmal warriors
  A ghost moth zombie (Crypt:2)
  14 orc knights
  9 giant orange brains
  6 naga ritualists
  16 ironbrand convokers
  5 necromancers
  2 wizards
  A shadow dragon zombie (Crypt:3)
  A golden dragon skeleton (Crypt:2)
  An anaconda skeleton (Crypt:3)
  17 hill giants
  A harpy (shapeshifter) (Vaults:2)
  12 deep elf summoners
  18 harpies
  2 anubis guards (shapeshifter)
  A lindwurm (Orc:4)
  2 iron dragon zombies
  12 deep elf conjurers
  An orb spider (Depths:3)
  5 water nymphs
  11 mana vipers
  7 worldbinders
  11 griffons
  2 fire giant zombies (Crypt:3)
  A frost giant zombie (Depths:2)
  A water nymph (shapeshifter) (Depths:5)
  A faun (shapeshifter) (Vaults:3)
  A tengu skeleton (Depths:2)
  5 hornets
  A moth of wrath (shapeshifter) (Vaults:5)
  4 wolf spiders
  5 orc sorcerers
  73 ugly things
  7 elephants
  2 sixfirhies
  A black mamba (shapeshifter) (Vaults:5)
  18 vault sentinels
  6 fauns (Shoals:1)
  A dire elephant zombie (Crypt:1)
  16 salamanders
  16 naga magi
  A titan simulacrum (Crypt:2)
  13 manticores
  16 cyclopes
  2 eyes of devastation (Depths:4)
  A fire giant skeleton (Crypt:3)
  A wolf spider (shapeshifter) (Elf:2)
  33 black mambas
  A toenail golem (Abyss:4)
  3 guardian serpents (shapeshifter)
  14 sirens
  2 apocalypse crabs (Abyss:3)
  3 gargoyles
  12 smoke demons
  An ice statue (IceCv)
  The ghost of srt19170 the Destroyer, a novice DECj (D:9)
  A manticore (shapeshifter) (D:13)
  Psyche (D:9)
  7 guardian serpents
  An orange demon (Abyss:1)
  A rust devil (Depths:2)
  2 spiny frogs (shapeshifter)
  A catoblepas zombie (Crypt:3)
  An anaconda simulacrum (Abyss:4)
  16 spiny frogs
  A hellion (Abyss:3)
  A grey draconian zombie (Crypt:3)
  An eye of devastation (shapeshifter) (Vaults:5)
  55 yaktaurs
  8 komodo dragons
  An emperor scorpion zombie (Crypt:3)
  2 efreet (Abyss:1)
  4 guardian mummies (Depths:1)
  9 ancient zymes
  A yaktaur (shapeshifter) (Depths:5)
  A redback zombie (Crypt:1)
  37 small abominations
  10 kobold demonologists
  5 freezing wraiths
  A catoblepas skeleton (Crypt:1)
  6 fire drakes
  15 deep elf priests
  2 spriggan druids (Lair:8)
  4 tengu conjurers
  38 raiju
  2 jumping spiders (Depths:2)
  A pale draconian skeleton (Crypt:3)
  A merfolk (shapeshifter) (Vaults:5)
  A queen bee (shapeshifter) (Vaults:4)
  19 merfolk
  2 tormentors
  2 wind drakes
  24 polar bears
  A minotaur skeleton (Crypt:3)
  4 trolls
  A two-headed ogre (shapeshifter) (Vaults:4)
  30 blink frogs
  A shadow dragon simulacrum (Crypt:2)
  20 two-headed ogres
  A hydra skeleton (Crypt:3)
  3 bog bodies (Crypt:3)
  An ettin zombie (Crypt:3)
  32 slime creatures
  An ice dragon zombie (Crypt:3)
  A human simulacrum (Vaults:2)
  9 boulder beetles
  2 alligator zombies (Crypt:3)
  12 snapping turtles
  A snapping turtle (shapeshifter) (Vaults:1)
  6 flying skulls
  40 large abominations
  A trapdoor spider (shapeshifter) (Vaults:2)
  3 trapdoor spiders (Depths:3)
  14 wraiths
  33 deep elf magi
  A fire dragon skeleton (Crypt:1)
  An ice dragon skeleton (Abyss:3)
  A tarantella (shapeshifter) (Depths:3)
  11 ynoxinuls
  16 redbacks
  16 spriggans
  16 humans (D:14)
  11 vampires
  A human (shapeshifter) (Vaults:5)
  4 tarantellas
  A golden eye (shapeshifter) (D:14)
  3 hogs (Elf:1)
  18 water elementals
  14 hippogriffs
  5 fire bats
  6 air elementals
  5 wyverns
  An elf simulacrum (Depths:2)
  4 basilisks
  42 yaks
  9 neqoxecs
  7 shadows
  A wind drake skeleton (Crypt:2)
  3 golden eyes (Depths:4)
  4 hungry ghosts
  A steam dragon (D:9)
  4 vampire mosquitoes
  Menkaure (D:7)
  3 chaos spawn
  33 deep elf fighters
  52 nagas
  4 mottled dragons
  A soldier ant (D:14)
  23 wolves
  4 wargs
  6 hell hounds
  15 porcupines
  A faun skeleton (Crypt:2)
  Duvessa (D:7)
  4 sky beasts
  A black mamba simulacrum (Crypt:3)
  26 water moccasins
  80 ogres
  8 wasps
  An anubis guard zombie (Crypt:2)
  A snapping turtle zombie (Abyss:3)
  An ice beast (D:11)
  A manticore zombie (Crypt:3)
  3 phantoms
  46 orc warriors
  4 boggarts
  16 crocodiles
  9 black bears
  A centaur (shapeshifter) (Vaults:5)
  An eye of draining (Abyss:3)
  A tengu (shapeshifter) (Vaults:5)
  2 necrophages
  An elephant skeleton (Crypt:3)
  A manticore skeleton (Crypt:1)
  6 centaurs
  3 elf zombies (Elf:1)
  2 gnoll sergeants
  10 big kobolds
  17 giant frogs
  A vine stalker skeleton (Crypt:2)
  A yaktaur zombie (Crypt:1)
  A wyvern zombie (D:9)
  Dowan (D:7)
  A salamander skeleton (Crypt:2)
  4 scorpions
  A spriggan zombie (Crypt:2)
  24 killer bees
  A polar bear zombie (Crypt:1)
  A spriggan skeleton (Crypt:3)
  5 wights (D:10)
  3 quasits
  An electric eel (D:8)
  2 giant frog zombies
  A wasp zombie (D:9)
  4 centaur zombies
  6 hounds
  11 jellies
  39 starcursed masses
  9 crimson imps
  An iron imp (Abyss:2)
  6 centaur skeletons
  34 orc priests
  9 iguanas
  2 giant frog skeletons
  A gnoll shaman (D:4)
  A demonspawn skeleton (Crypt:3)
  37 orc wizards
  A porcupine zombie (Crypt:3)
  9 worker ants
  An ogre zombie (Crypt:2)
  A demigod skeleton (Crypt:2)
  23 sheep
  A naga skeleton (Crypt:1)
  A mottled dragon skeleton (Crypt:2)
  2 hound skeletons
  A hound zombie (D:8)
  12 mummies
  A worker ant zombie (D:10)
  70 river rats
  24 gnolls
  16 adders
  4 shadow imps
  18 white imps
  2 giant eyeballs (Depths:4)
  An ufetubus (Abyss:1)
  11 oozes (Lair:3)
  An adder zombie (D:6)
  2 adder skeletons
  A worm (D:2)
  6 giant geckos
  205 orcs
  3 giant cockroaches
  2 gnoll zombies (Ossuary)
  10 hobgoblins
  49 kobolds
  5 quokkas
  6 ball pythons
  6 bats
  A giant cockroach zombie (Crypt:3)
  2 giant gecko skeletons
  3 giant newts
  A giant newt skeleton (Crypt:3)
  10 goblins
  A goblin zombie (D:8)
  A hobgoblin skeleton (Crypt:2)
  3 hobgoblin zombies (Ossuary)
  12 jackals
  A jackal skeleton (D:8)
  A jackal zombie (D:7)
  A kobold (shapeshifter) (Vaults:5)
  3 kobold zombies
  An orc zombie (Ossuary)
  A quokka skeleton (D:7)
  11 rats
  2 crawling corpses
  A fungus (Lair:8)
  A lost soul (Crypt:3)
  2 starspawn tentacles (Abyss:3)
  A tentacle (Shoals:1)
3115 creatures vanquished.

Vanquished Creatures (collateral kills)
  A frost giant (IceCv)
  A minotaur (Lab)
  6 hydras
  Fannar (Lair:3)
  An oklob plant (Lair:3)
  An elephant (Lair:4)
  A spiny frog (Lair:8)
  4 blink frogs
  2 yaks (IceCv)
  A wolf (Lair:8)
  A crocodile (Lair:8)
  2 sheep (Lair:8)
  2 oozes (Lair:3)
  A fungus (Lair:8)
25 creatures vanquished.

Vanquished Creatures (others)
  A deep elf master archer (Elf:3)
  A sphinx (Vaults:4)
  2 tengu reavers
  A fire giant (Depths:5)
  2 very ugly things
  Nessos (D:15)
  A purple draconian (Depths:5)
  An ettin (Vaults:5)
  A deep elf high priest (Elf:3)
  2 yaktaur captains
  A centaur warrior (Depths:1)
  A tengu warrior (D:13)
  A deep troll shaman (Depths:5)
  A merfolk aquamancer (Shoals:4)
  A dancing weapon (Elf:2)
  A spriggan berserker (Depths:3)
  A naga sharpshooter (Snake:4)
  A deep elf knight (Elf:1)
  A necromancer (Vaults:4)
  An ironbrand convoker (Vaults:4)
  A manticore (D:15)
  3 cyclopes
  A black mamba (Snake:3)
  A hornet (Vaults:4)
  An eye of devastation (Depths:4)
  9 yaktaurs
  A merfolk (Shoals:4)
  A deep elf priest (Elf:2)
  2 ancient zymes
  2 two-headed ogres (Vaults:4)
  A jumping spider (shapeshifter) (D:15)
  A freezing wraith (Vaults:4)
  A deep elf mage (Elf:2)
  An air elemental (Depths:5)
  A water elemental (Abyss:5)
  A fire bat (Abyss:4)
  2 spriggans (Depths:3)
  3 deep elf fighters
  A human (Elf:1)
  A naga (Snake:4)
  2 ogres (Vaults:4)
  A wasp (Depths:3)
  A large abomination (Abyss:5)
  4 boggarts
  3 centaurs (Depths:1)
  7 small abominations
  A starcursed mass (Abyss:1)
  A hound (D:7)
  An orc wizard (Orc:4)
  An orc (Orc:1)
  2 fire vortices (Abyss:3)
  13 fungi
  5 lost souls
  A lurking horror (Abyss:4)
  17 plants
  25 starspawn tentacles
  77 starspawn tentacle segments
  40 tentacles
  1111 tentacle segments
1371 creatures vanquished.

Grand Total: 4511 creatures vanquished

Notes
Turn   | Place    | Note
--------------------------------------------------------------
     0 | D:1      | Runnr the Gargoyle Fighter began the quest for the Orb.
     0 | D:1      | Reached XP level 1. HP: 14/14 MP: 1/1
   122 | D:1      | Reached XP level 2. HP: 19/19 MP: 2/2
   444 | D:2      | Reached XP level 3. HP: 21/23 MP: 3/3
   481 | D:2      | Reached skill level 4 in Shields
   486 | D:2      | Found a burning altar of Makhleb.
   495 | D:2      | Became a worshipper of Makhleb the Destroyer
   571 | D:2      | Reached XP level 4. HP: 29/29 MP: 4/4
  1129 | D:3      | Reached * piety under Makhleb
  1153 | D:3      | Found a glowing drain.
  1174 | Sewer    | Entered a sewer
  1185 | Sewer    | Reached XP level 5. HP: 23/33 MP: 5/5
  1235 | Sewer    | Noticed a big kobold
  1251 | Sewer    | Killed a big kobold
  1292 | Sewer    | Found a white marble altar of Elyvilon.
  1519 | D:3      | Found a radiant altar of Vehumet.
  1564 | D:3      | Reached XP level 6. HP: 26/39 MP: 6/6
  1599 | D:3      | Reached ** piety under Makhleb
  1631 | D:3      | Found a blossoming altar of Fedhas.
  2199 | D:4      | Found a shattered altar of Ashenzari.
  2821 | D:4      | Found a deep blue altar of Sif Muna.
  2875 | D:4      | Found a shimmering altar of Xom.
  3102 | D:4      | Reached skill level 5 in Shields
  3170 | D:4      | Reached skill level 5 in Fighting
  3170 | D:4      | Reached XP level 7. HP: 44/44 MP: 7/7
  3211 | D:4      | Reached *** piety under Makhleb
  3323 | D:4      | Reached skill level 5 in Armour
  3520 | D:5      | Entered Level 5 of the Dungeon
  3520 | D:5      | Found Guadgh's Armour Emporium.
  3716 | D:5      | Got a shimmering mace
  3717 | D:5      | Identified the +8 mace of Foul Odors {crush, rN+ Dex+3 Stlth+} (You found it on level 5 of the Dungeon)
  3775 | D:5      | Got an ivory dagger
  3996 | D:5      | Reached skill level 1 in Maces & Flails
  4028 | D:5      | Noticed Alreadydead's ghost (novice DsMo)
  4267 | D:5      | Reached XP level 8. HP: 51/51 MP: 8/8
  4524 | D:5      | Reached skill level 6 in Shields
  4524 | D:5      | Reached skill level 1 in Invocations
  5213 | D:6      | Found a staircase to the Ecumenical Temple.
  5284 | D:6      | Reached **** piety under Makhleb
  5340 | D:6      | HP: 2/51 [orc warrior/halberd (19)]
  6008 | D:6      | Noticed a gargoyle
  6014 | D:6      | Killed a gargoyle
  6014 | D:6      | Reached XP level 9. HP: 46/56 MP: 9/11
  6064 | D:6      | Reached skill level 7 in Shields
  6070 | D:6      | Identified the +0 dagger of the Doomed Warrior {flame, +Fly} (You found it on level 5 of the Dungeon)
  6368 | D:7      | Found Orgh's Armour Shop.
  6479 | D:7      | Reached ***** piety under Makhleb
  6583 | D:7      | Noticed Menkaure
  6588 | D:7      | Killed Menkaure
  6594 | D:7      | Noticed Duvessa
  6594 | D:7      | Noticed Dowan
  6609 | D:7      | Killed Duvessa
  6632 | D:7      | Killed Dowan
  6959 | D:8      | Reached skill level 5 in Invocations
  7020 | D:8      | Reached skill level 5 in Maces & Flails
  7020 | D:8      | Reached XP level 10. HP: 53/63 MP: 13/13
  7111 | D:8      | Reached skill level 8 in Shields
  7213 | D:8      | Found a sand-covered staircase.
  7234 | Ossuary  | Entered an ossuary
  7468 | D:8      | Found a staircase to the Lair.
  7491 | D:8      | Noticed a komodo dragon
  7543 | D:8      | Killed a komodo dragon
  7795 | D:8      | Found a sparkling altar of Nemelex Xobeh.
  8197 | D:9      | Found a glowing golden altar of the Shining One.
  8438 | D:9      | Reached ****** piety under Makhleb
  8475 | D:9      | Noticed Psyche
  8513 | D:9      | Noticed srt19170's ghost (novice DECj)
  8524 | D:9      | Killed srt19170's ghost
  8524 | D:9      | Reached skill level 9 in Shields
  8749 | D:9      | Killed Psyche
  8860 | D:10     | Entered Level 10 of the Dungeon
  8907 | D:10     | Reached XP level 11. HP: 69/69 MP: 16/16
  8986 | D:10     | Killed an unseen horror
  9008 | D:10     | Noticed Glider's ghost (novice MiFi)
  9102 | Lair:1   | Entered Level 1 of the Lair of Beasts
  9330 | Lair:1   | HP: 2/71 [komodo dragon (19)]
  9796 | Lair:1   | Reached skill level 10 in Shields
 10140 | Lair:2   | Reached skill level 10 in Fighting
 10552 | Lair:2   | Reached XP level 12. HP: 59/77 MP: 17/17
 10759 | Lair:2   | Reached skill level 10 in Armour
 10922 | Lair:3   | Noticed a six-headed hydra
 11042 | Lair:3   | Noticed Snorg
 11065 | Lair:3   | Noticed Maud
 11220 | Lair:3   | Killed Snorg
 11476 | Lair:3   | Killed Maud
 11476 | Lair:3   | Reached skill level 11 in Shields
 11689 | Lair:3   | Killed a six-headed hydra
 11763 | Lair:3   | Noticed Fannar
 11816 | Lair:3   | Killed Fannar
 11909 | Lair:3   | Noticed a four-headed hydra
 11934 | Lair:3   | Killed a four-headed hydra
 12663 | Lair:4   | Noticed a four-headed hydra
 12670 | Lair:4   | Killed a four-headed hydra
 12759 | Lair:4   | Reached XP level 13. HP: 84/84 MP: 18/18
 13355 | Lair:5   | Identified a +2 rod of the swarm (12/12) (You found it on level 5 of the Lair of Beasts)
 13458 | Lair:5   | Reached skill level 12 in Shields
 13757 | Lair:5   | Reached skill level 10 in Maces & Flails
 14338 | Lair:6   | Found a staircase to the Snake Pit.
 14729 | Lair:6   | Found a staircase to the Shoals.
 15211 | Lair:7   | Gained mutation: Your large and strong wings let you fly indefinitely. [Gargoyle growth]
 15211 | Lair:7   | Reached XP level 14. HP: 85/92 MP: 19/19
 15640 | Lair:7   | Reached skill level 13 in Shields
 15788 | Lair:7   | Got a translucent plate armour
 15799 | Lair:7   | Identified the +6 plate armour of Ru's Displeasure {rC+ rCorr Str+2} (You found it on level 7 of the Lair of Beasts)
 15924 | Lair:8   | Entered Level 8 of the Lair of Beasts
 15928 | Lair:8   | Found a labyrinth entrance.
 15938 | Lab      | Entered a labyrinth
 16112 | Lab      | Got a faintly glowing copper amulet
 16134 | Lab      | Identified the Handbook of the Harmful Glacier (You found it in a labyrinth)
 16138 | Lab      | Identified a +5 rod of destruction (10/10) (You found it in a labyrinth)
 16163 | Lab      | Got a steaming troll leather armour
 16233 | Lair:8   | Identified the +3 troll leather armour of the Tuna {*Drain rF+ Regen+ Int+3 Slay+2} (You found it in a labyrinth)
 16378 | Lair:8   | Found a viscous altar of Jiyva.
 16378 | Lair:8   | Found a staircase to the Slime Pits.
 16778 | Lair:8   | Identified the amulet "Wabisuur" {rCorr Int+2} (You found it in a labyrinth)
 16798 | Lair:8   | Identified a scroll of acquirement
 17192 | Lair:8   | Got a scorched glaive
 17201 | Lair:8   | Identified the +8 glaive "Pyid" {freeze, *Corrode rElec MP+9 Int+4} (You found it on level 8 of the Lair of Beasts)
 18081 | D:10     | Reached skill level 14 in Shields
 18251 | D:10     | Killed an unseen horror
 18382 | D:10     | Killed Glider's ghost
 18570 | D:11     | Found Ycsoun Fahye's Food Shoppe.
 18727 | D:11     | Found Zial's Antique Weapon Emporium.
 19174 | D:12     | Found a staircase to the Orcish Mines.
 19433 | D:12     | Learned a level 5 spell: Phase Shift
 19438 | D:12     | Got a warped ring mail
 19450 | D:12     | Identified the +1 ring mail of Leapfrog {rC+ Regen+ Stlth+} (You found it on level 12 of the Dungeon)
 19695 | Orc:1    | Entered Level 1 of the Orcish Mines
 19695 | Orc:1    | Found a frozen archway.
 19757 | IceCv    | Entered an ice cave
 19775 | IceCv    | Reached XP level 15. HP: 98/98 MP: 20/20
 19999 | IceCv    | Noticed a frost giant
 20052 | IceCv    | Killed a frost giant
 20716 | Orc:1    | Found Ungeelei's Food Shop.
 20940 | Orc:1    | Reached skill level 15 in Shields
 22073 | Orc:3    | Found a staircase to the Elven Halls.
 22324 | Orc:4    | Entered Level 4 of the Orcish Mines
 22324 | Orc:4    | Found a roughly hewn altar of Beogh.
 23687 | Orc:4    | Paralysed by an orc sorcerer for 7 turns
 23707 | Orc:4    | Paralysed by an orc sorcerer for 6 turns
 24772 | Orc:4    | Reached skill level 1 in Dodging
 24819 | Orc:4    | Found Zopilaech's General Store.
 25080 | Orc:4    | Found Raikurph's Jewellery Shop.
 25083 | Orc:4    | Found Tilamoca's Antique Armour Boutique.
 25083 | Orc:4    | Found Keruad's Antique Weapon Boutique.
 25098 | Orc:4    | Bought a cursed ring of teleportation for 203 gold pieces
 25409 | Orc:4    | Bought a potion of might for 56 gold pieces
 25409 | Orc:4    | Bought a scroll of remove curse for 42 gold pieces
 25409 | Orc:4    | Bought a potion of curing for 42 gold pieces
 25409 | Orc:4    | Bought a potion of might for 56 gold pieces
 25609 | D:13     | You fall through a shaft!
 25954 | D:14     | Found a gate to the Vaults.
 25956 | D:14     | Noticed Rupert
 25958 | D:14     | Noticed Norris
 25993 | D:14     | Killed Rupert
 26039 | D:14     | Reached XP level 16. HP: 104/104 MP: 21/21
 26055 | D:14     | Killed Norris
 26841 | D:13     | Found Eryi's Antique Armour Emporium.
 27539 | Snake:1  | Entered Level 1 of the Snake Pit
 28567 | Snake:1  | Found a white marble altar of Elyvilon.
 28608 | Snake:1  | Noticed Frances
 28643 | Snake:1  | Killed Frances
 29458 | Snake:2  | Reached skill level 16 in Shields
 30051 | Snake:2  | Reached skill level 5 in Dodging
 30330 | Snake:3  | Noticed Roxanne
 30543 | Snake:3  | Reached XP level 17. HP: 112/112 MP: 22/22
 31245 | Shoals:1 | Entered Level 1 of the Shoals
 31426 | Shoals:1 | Found Foepioro's Book Boutique.
 31660 | Shoals:1 | You are sucked into a shaft!
 31824 | Shoals:2 | Reached skill level 15 in Armour
 32235 | Shoals:2 | Reached skill level 15 in Fighting
 32484 | Shoals:1 | Got a slimy platinum amulet
 32486 | Shoals:1 | Identified the amulet of Cowardice {Clar MR+} (You found it on level 1 of the Shoals)
 34219 | Shoals:3 | Noticed karlm's ghost (adept OgHu)
 34307 | Shoals:3 | Killed karlm's ghost
 34454 | Shoals:3 | Found Bomoc's Assorted Antiques.
 34570 | Shoals:3 | Bought an iridescent war axe for 212 gold pieces
 34572 | Shoals:3 | Identified the +6 war axe of the New World {speed, MR+ Str+2 Int+3} (You bought it in a shop on level 3 of the Shoals)
 34588 | Shoals:4 | Entered Level 4 of the Shoals
 34602 | Shoals:4 | Found Batopsun's Distillery.
 34662 | Shoals:4 | Found Jaezeuh's Distillery.
 34742 | Shoals:4 | Bought a potion of curing for 45 gold pieces
 34742 | Shoals:4 | Bought a potion of heal wounds for 75 gold pieces
 34804 | Shoals:4 | Reached skill level 17 in Shields
 35005 | Shoals:4 | Found Sokhuqac's General Store.
 35031 | Shoals:4 | Found Beittot's Distillery.
 35031 | Shoals:4 | Found Yzedut's Armour Shop.
 35084 | Shoals:4 | Noticed Ilsuiw
 35237 | Shoals:4 | Killed Ilsuiw
 35336 | Shoals:4 | Bought a potion of heal wounds for 85 gold pieces
 35640 | Shoals:4 | Reached XP level 18. HP: 117/119 MP: 23/23
 36493 | Shoals:4 | Got a barnacled rune of Zot
 36716 | Shoals:3 | Noticed Donald
 36757 | Shoals:3 | Killed Donald
 37256 | Elf:1    | Entered Level 1 of the Elven Halls
 37525 | Elf:1    | Noticed Kirke
 37541 | Elf:1    | Killed Kirke
 37952 | Elf:1    | Found Sotub's Antique Weapon Shoppe.
 38214 | Elf:1    | Identified the Guide on Darkness (You found it on level 1 of the Elven Halls)
 38615 | Elf:2    | Found a runed gate.
 38615 | Elf:2    | Found a runed gate.
 38616 | Elf:2    | Found a runed gate.
 38770 | Elf:2    | Reached skill level 1 in Stealth
 39245 | Elf:2    | Noticed Asterion
 39312 | Elf:2    | Killed Asterion
 39312 | Elf:2    | Reached skill level 18 in Shields
 39467 | Elf:2    | Reached XP level 19. HP: 127/127 MP: 24/24
 39533 | Elf:2    | Noticed Agnes
 39548 | Elf:2    | Killed Agnes
 40098 | Elf:3    | Entered Level 3 of the Elven Halls
 40292 | Elf:3    | Gained mutation: [Your magical capacity is low (-10% MP).] [a neqoxec]
 40417 | Elf:3    | Reached skill level 5 in Stealth
 41296 | Elf:3    | Got a glittering golden ring
 41297 | Elf:3    | Identified the ring of Gichan {Dex+4 Stlth+} (You took it off a deep elf demonologist on level 3 of the Elven Halls)
 41300 | Elf:3    | Gained mutation: You have large cloven feet. [potion of beneficial mutation]
 41330 | Elf:3    | Got a twisted scale mail
 41341 | Elf:3    | Identified the +1 scale mail "Wepn" {rF- Int+6 Stlth+} (You found it on level 3 of the Elven Halls)
 42752 | D:15     | Entered Level 15 of the Dungeon
 42755 | D:15     | Noticed Nessos
 42774 | D:15     | Killed Nessos
 42774 | D:15     | Reached skill level 10 in Dodging
 42895 | D:15     | Found Olokh's Food Shoppe.
 43315 | D:15     | Noticed Louise
 43358 | D:15     | Killed Louise
 43358 | D:15     | Reached XP level 20. HP: 134/134 MP: 22/22
 43644 | D:15     | Got a warped scimitar
 43745 | D:15     | Found a staircase to the Depths.
 43943 | Vaults:1 | Entered Level 1 of the Vaults
 43949 | Vaults:1 | Identified the +7 scimitar of Baguraur {speed, +Fly Dex+7} (You found it on level 15 of the Dungeon)
 44447 | Vaults:1 | Reached skill level 19 in Shields
 45376 | Vaults:1 | Found Xiatril's Antique Armour Shoppe.
 45496 | Vaults:1 | Bought a pair of runed gloves for 198 gold pieces
 47040 | Vaults:2 | Noticed Aizul
 47072 | Vaults:2 | Killed Aizul
 47488 | Vaults:3 | Found Xioj's General Store.
 47670 | Vaults:3 | Reached XP level 21. HP: 141/141 MP: 23/23
 47783 | Vaults:3 | Noticed Boris
 48335 | Vaults:3 | Killed Boris
 48895 | Vaults:3 | Reached skill level 20 in Shields
 49414 | Vaults:2 | Paralysed by a great orb of eyes for 2 turns
 49973 | Vaults:3 | Found a staircase to the Crypt.
 51177 | Vaults:4 | Reached XP level 22. HP: 149/149 MP: 24/24
 52594 | Snake:4  | Entered Level 4 of the Snake Pit
 52972 | Snake:4  | Got a fine chain mail
 52983 | Snake:4  | Identified the +4 chain mail of Mirth {*Corrode Int+2 Dex+3} (You found it on level 4 of the Snake Pit)
 54111 | Snake:4  | Got a serpentine rune of Zot
 54660 | Shoals:1 | Bought a book of Minor Magic for 240 gold pieces
 54663 | Shoals:1 | Learned a level 2 spell: Blink
 54667 | Shoals:1 | Learned a level 2 spell: Repel Missiles
 54668 | Shoals:1 | Bought a book of Battle for 480 gold pieces
 54671 | Shoals:1 | Learned a level 2 spell: Song of Slaying
 54675 | Shoals:1 | Learned a level 3 spell: Regeneration
 54679 | Shoals:1 | Learned a level 3 spell: Spectral Weapon
 55300 | Crypt:1  | Entered Level 1 of the Crypt
 55300 | Crypt:1  | Noticed Xtahua
 55533 | Depths:1 | Entered Level 1 of the Depths
 55766 | Depths:1 | Noticed Sojobo
 55817 | D:15     | Killed Sojobo
 55817 | D:15     | Reached skill level 21 in Shields
 56340 | Orc:4    | Bought an uncursed ring of protection from fire for 350 gold pieces
 56793 | Depths:1 | Found a one-way gate leading to the halls of Pandemonium.
 57239 | Depths:1 | Found a gateway to Hell.
 57701 | Depths:2 | Reached XP level 23. HP: 156/156 MP: 25/25
 58950 | Depths:2 | Noticed Mara
 58957 | Depths:2 | Noticed Runnr's illusion
 59235 | Depths:2 | Noticed a juggernaut
 60511 | Crypt:1  | Killed Xtahua
 60862 | Crypt:1  | Reached skill level 15 in Maces & Flails
 62051 | Crypt:3  | Entered Level 3 of the Crypt
 62183 | Crypt:3  | Found a staircase to the Tomb.
 62776 | Crypt:3  | Reached XP level 24. HP: 163/163 MP: 25/25
 63053 | Crypt:3  | Found a basalt altar of Yredelemnul.
 63185 | Crypt:3  | Identified the Guide on Evil
 63500 | Crypt:3  | Got a brightly glowing leather armour
 63512 | Crypt:3  | Identified the +1 leather armour of Zin's Fury {rCorr Slay+3} (You found it on level 3 of the Crypt)
 64432 | Depths:2 | Noticed cba's ghost (journeyman FeMo)
 64492 | Depths:2 | Noticed cba's ghost (journeyman FeMo)
 65065 | Vaults:5 | Entered Level 5 of the Vaults
 65080 | Vaults:4 | Reached skill level 22 in Shields
 65495 | Vaults:5 | Noticed Flanowski's ghost (adept MiFi)
 66708 | Vaults:5 | Reached XP level 25. HP: 171/171 MP: 25/25
 67136 | Vaults:5 | Got a silver rune of Zot
 67956 | Vaults:5 | Got a scorched golden ring
 67994 | Vaults:5 | Identified the ring "Bytuco Ziji" {SustAt rElec rC- Dex+3 Slay+3} (You took it off a yaktaur captain on level 5 of the Vaults)
 68079 | Vaults:5 | Reached skill level 15 in Dodging
 68409 | Vaults:5 | Reached skill level 23 in Shields
 68635 | Vaults:5 | Killed Flanowski's ghost
 68908 | Vaults:5 | Noticed an ancient lich
 68932 | Vaults:5 | Killed an ancient lich
 69572 | Vaults:5 | Reached XP level 26. HP: 179/179 MP: 25/25
 69854 | Vaults:5 | Got a sparkling graven amulet
 69857 | Vaults:5 | Identified the amulet of Nylon {Ward rN+ MR++} (You took it off an orc knight on level 5 of the Vaults)
 70460 | Shoals:4 | Bought a potion of curing for 57 gold pieces
 70460 | Shoals:4 | Bought a potion of curing for 57 gold pieces
 70460 | Shoals:4 | Bought 2 potions of experience for 1900 gold pieces
 70460 | Shoals:4 | Reached XP level 27. HP: 184/184 MP: 25/26
 70464 | Shoals:4 | Reached skill level 10 in Invocations
 71201 | Depths:2 | Killed cba's ghost
 71517 | Depths:3 | Noticed the Enchantress
 73386 | Depths:3 | Reached skill level 15 in Invocations
 74113 | Depths:4 | Paralysed by a giant eyeball for 4 turns
 74129 | Depths:4 | Paralysed by a giant eyeball for 2 turns
 74139 | Depths:4 | Paralysed by a giant eyeball for 3 turns
 74168 | Depths:4 | Paralysed by a giant eyeball for 2 turns
 74199 | Depths:4 | Paralysed by a giant eyeball for 3 turns
 74207 | Depths:4 | Paralysed by a giant eyeball for 3 turns
 74215 | Depths:4 | Paralysed by a giant eyeball for 4 turns
 74233 | Depths:4 | Paralysed by a giant eyeball for 3 turns
 74241 | Depths:4 | Paralysed by a giant eyeball for 2 turns
 74250 | Depths:4 | Paralysed by a giant eyeball for 4 turns
 74258 | Depths:4 | Paralysed by a giant eyeball for 4 turns
 74268 | Depths:4 | Paralysed by a giant eyeball for 2 turns
 74505 | Depths:4 | Paralysed by a giant eyeball for 4 turns
 74696 | Depths:4 | Paralysed by a giant eyeball for 2 turns
 74752 | Depths:4 | Paralysed by a giant eyeball for 3 turns
 74760 | Depths:4 | Paralysed by a giant eyeball for 4 turns
 75248 | Depths:4 | Found a gateway to a bazaar.
 75331 | Depths:4 | Killed the Enchantress
 75913 | Depths:4 | Found a one-way gate to the infinite horrors of the Abyss.
 76690 | Depths:4 | Found a gateway to a ziggurat.
 77074 | Depths:4 | Got a faerie dragon armour
 77087 | Depths:4 | Identified the +3 faerie dragon armour {Str+4} (You took it off the Enchantress on level 4 of the Depths)
 77181 | Depths:5 | Entered Level 5 of the Depths
 77189 | Depths:5 | Noticed Jorgrun
 77215 | Depths:5 | Killed Jorgrun
 78421 | Depths:5 | HP: 5/186 [deep troll earth mage/Lee's Rapid Deconstruction (29)]
 79710 | Depths:5 | Reached skill level 24 in Shields
 79807 | Depths:5 | Found a gate to the Realm of Zot.
 79977 | Depths:5 | Got a distressingly furry scale mail
 79988 | Depths:5 | Identified the +2 scale mail of Classification {rN++ Dex-4} (You found it on level 5 of the Depths)
 80259 | Depths:4 | Voluntarily entered the Abyss.
 80262 | Abyss:1  | Found a corrupted altar of Lugonu.
 80383 | Abyss:1  | Reached skill level 1 in Charms
 80465 | Abyss:1  | Reached skill level 1 in Hexes
 80902 | Abyss:1  | Paralysed by accursed screaming for 2 turns
 81001 | Abyss:1  | Gained mutation: You are weak. (Str -2) [a neqoxec]
 81733 | Abyss:3  | Found a bloodstained altar of Trog.
 81858 | Abyss:3  | Reached skill level 5 in Hexes
 81944 | Abyss:3  | Reached skill level 5 in Charms
 82038 | Abyss:3  | Gained mutation: Scrolls take you a little longer to read. [a neqoxec]
 82039 | Abyss:3  | Gained mutation: You are very weak. (Str -4) [a neqoxec]
 82060 | Abyss:3  | Gained mutation: [Your body sometimes deteriorates upon taking damage.] [a neqoxec]
 82177 | Abyss:3  | Gained mutation: Armour fits poorly on your strangely shaped body. [a neqoxec]
 82387 | Abyss:3  | Paralysed by accursed screaming for 1 turns
 82407 | Abyss:3  | Paralysed by accursed screaming for 2 turns
 82418 | Abyss:3  | Paralysed by accursed screaming for 2 turns
 82700 | Abyss:3  | Found a burning altar of Makhleb.
 82843 | Abyss:3  | Reached skill level 1 in Translocations
 83660 | Abyss:4  | Gained mutation: Scrolls take you longer to read. [a neqoxec]
 83758 | Abyss:4  | Paralysed by accursed screaming for 1 turns
 83767 | Abyss:4  | Paralysed by accursed screaming for 2 turns
 83773 | Abyss:4  | Paralysed by a giant eyeball for 3 turns
 83896 | Abyss:4  | Reached skill level 1 in Evocations
 83912 | Abyss:5  | Entered Level 5 of the Abyss
 84037 | Abyss:5  | Got an abyssal rune of Zot
 84225 | Abyss:5  | Paralysed by accursed screaming for 1 turns
 84249 | Abyss:5  | Gained mutation: Scrolls take you much longer to read. [a neqoxec]
 84263 | Abyss:5  | Paralysed by accursed screaming for 1 turns
 84269 | Abyss:5  | Paralysed by accursed screaming for 1 turns
 84274 | Abyss:5  | Reached skill level 5 in Evocations
 84278 | Abyss:5  | Lost intelligence.
 84307 | Abyss:5  | Paralysed by accursed screaming for 2 turns
 84313 | Abyss:5  | Gained mutation: [You often lose your temper in combat.] [a neqoxec]
 84315 | Abyss:5  | Gained mutation: [You are often teleported next to monsters.] [a neqoxec]
 84316 | Abyss:5  | Paralysed by accursed screaming for 2 turns
 84322 | Abyss:5  | Paralysed by accursed screaming for 2 turns
 84324 | Abyss:5  | HP: 5/130 [starcursed mass/accursed screaming (6)]
 84326 | Abyss:5  | Killed from afar by a starcursed mass

Action                   |  1- 3 |  4- 6 |  7- 9 | 10-12 | 13-15 | 16-18 | 19-21 | 22-24 | 25-27 || total
-------------------------+-------+-------+-------+-------+-------+-------+-------+-------+-------++-------
Melee: War axe           |    61 |   292 |    79 |       |       |       |       |       |       ||   432
       Mace              |       |       |   274 |   792 |  2234 |  2671 |  3232 |  2737 |  5463 || 17403
       Rod               |       |       |       |       |    11 |       |       |       |       ||    11
       Morningstar       |       |       |       |       |       |       |       |  1092 |   291 ||  1383
       Demon whip        |       |       |       |       |       |       |       |       |   604 ||   604
 Fire: Blowgun           |       |       |       |     5 |       |       |       |       |       ||     5
Invok: Lesser Servant of |       |       |       |    13 |    21 |     2 |       |       |       ||    36
       Minor Destruction |       |       |       |       |       |     1 |       |       |       ||     1
 Abil: Fly               |       |       |       |       |     1 |     1 |       |       |     1 ||     3
       Stop Flying       |       |       |       |       |     1 |       |       |     1 |     1 ||     3
       Evoke Teleportati |       |       |       |       |       |     1 |       |       |     2 ||     3
Evoke: Rod               |       |       |       |       |     2 |       |       |       |       ||     2
  Use: Scroll            |       |     8 |     8 |     7 |    13 |    21 |     3 |     6 |    15 ||    81
       Potion            |       |     1 |       |     7 |     1 |     5 |     3 |     9 |    14 ||    40
 Stab: Sleeping          |       |       |       |     1 |       |     3 |       |       |     1 ||     5
       Distracted        |       |       |       |     1 |     4 |     3 |       |     1 |       ||     9
       Paralysed         |       |       |       |       |       |       |       |       |     3 ||     3
       Petrifying        |       |       |       |       |       |       |       |       |     2 ||     2
       Invisible         |       |       |       |       |       |       |       |       |     1 ||     1
  Eat: Chunk             |       |     9 |    28 |    48 |   109 |   217 |   454 |   262 |   494 ||  1621
       Pizza             |       |       |       |       |       |       |       |     2 |     1 ||     3
       Royal jelly       |       |       |       |       |       |       |       |     2 |       ||     2
       Fruit             |       |       |       |       |       |       |       |    13 |     5 ||    18
